 Dungeon Crawl Stone Soup version 0.22-a0-533-g4d20840 (webtiles) character file.

2222 kae the Carver (level 9, -9/79 HPs)
             Began as a Minotaur Fighter on June 22, 2018.
             Mangled by an orc warrior
             ... wielding a +0 mace
              (10 damage)
             ... on level 6 of the Dungeon.
             The game lasted 00:04:42 (5130 turns).

kae the Carver (Minotaur Fighter)                   Turns: 5130, Time: 00:04:42

Health: -9/79      AC:  3    Str: 23    XL:     9   Next: 13%
Magic:  8/8        EV: 10    Int:  6    God:
Gold:   229        SH:  9    Dex: 10    Spells: 8/8 levels left

rFire    . . .     SeeInvis .   a - +1 long sword
rCold    . . .     Gourm    .   c - +0 shield
rNeg     . . .     Faith    .   b - +0 scale mail
rPois    .         Spirit   .   (helmet restricted)
rElec    .         Reflect  .   F - +1 cloak
rCorr    .         Harm     .   (no gloves)
MR       .....                  n - +0 pair of boots
Stlth    ..........             (no amulet)
HPRegen  0.23/turn              (no ring)
MPRegen  0.11/turn              (no ring)

@: corroded
A: retaliatory headbutt, horns 2
a: no special abilities


You were on level 6 of the Dungeon.
You were hungry.

You visited 1 branch of the dungeon, and saw 6 of its levels.
You also visited: Sewer.

You collected 229 gold pieces.

Inventory:

Hand Weapons
 a - a +1 long sword (weapon)
Armour
 b - a +0 scale mail (worn)
 c - a +0 shield (worn)
 n - a +0 pair of boots (worn)
 F - a +1 cloak (worn)
Jewellery
 l - an uncursed ring of flight {unknown}
 p - an uncursed ring of poison resistance {unknown}
 C - an uncursed ring of protection from cold {unknown}
Wands
 x - a wand of disintegration (18)
 D - a wand of clouds (6)
Scrolls
 e - 5 scrolls of remove curse
 g - 2 scrolls of blinking
 h - 3 scrolls of identify
 j - 5 scrolls of fear
 k - a scroll of amnesia
 m - 6 scrolls of teleportation
 t - a scroll of noise
 v - a scroll of enchant weapon
Potions
 d - a potion of might
 i - 2 potions of haste
 o - a potion of ambrosia
 q - 2 potions of mutation
 s - a potion of heal wounds
 u - 5 potions of brilliance
 w - 2 potions of magic
 z - 2 potions of curing
 B - 2 potions of cancellation
Comestibles
 f - 6 rations


   Skills:
 + Level 7.4 Fighting
 * Level 9.5 Long Blades
 + Level 7.4 Armour
 + Level 5.6 Dodging
 - Level 3.6 Shields


You had 8 spell levels left.
You didn't know any spells.
Your spell library was empty.

Dungeon Overview and Level Annotations

Branches:
Dungeon (6/15)
 Temple: D:4-7

Altars:
Fedhas
Nemelex Xobeh
Sif Muna
Trog
Wu Jian
Xom

Shops:
D:4 %


Innate Abilities, Weirdness & Mutations

You reflexively headbutt those who attack you in melee.
You have a pair of horns on your head.


Message History

* * * LOW HITPOINT WARNING * * *
You barely miss the orc warrior.
The orc warrior is severely wounded.
You block the orc warrior's attack.
You closely miss the orc warrior.
The orc warrior is severely wounded.
The orc warrior closely misses you.
You hit the orc warrior.
You headbutt the orc warrior, but do no damage.
The orc warrior is almost dead.
You hit the orc warrior but do no damage.
Your headbutt misses the orc warrior.
The orc warrior is almost dead.
The orc warrior hits you with a mace!
* * * LOW HITPOINT WARNING * * *
You block the orc's attack. x2
You hit the orc warrior but do no damage.
The orc warrior is almost dead.
The phantom blinks!
The orc warrior hits you with a mace!
You die...

************,,,*,,,,,,,,,,,,,
*.ยง..#,,,,,,,,,,,,.
*....#,,,,,,,,,....
*....#,,,,,,,,,....
*#...#*,,,,,,,**..Z
##...########+###J#
#....W#..........?o
#.....#...!.....Zoo
#o@...'..........oo
#oo...#.........ah.
#*##.####...o.#######
#..#)####5....##**,*#
#......o.5.......,,..
#....o..@........,,.. ***
#....................
*,***##..###..##...##...##
********,,,,*##'**#..##...#*...**


You could see a phantom, an orc warrior, an orc priest (wandering) and 2 orcs.

Vanquished Creatures
  Pikel (D:4)
  Grinder (D:4)
  Eustachio (D:6)
  Duvessa (D:4)
  A slave (D:4)
  An ogre (D:5)
  A phantom (D:4)
  A centaur (D:5)
  Blork the orc (D:5)
  2 bullfrogs (Sewer)
  Dowan (D:4)
  A scorpion (D:5)
  A crimson imp (D:5)
  An orc priest (D:6)
  A bullfrog skeleton (D:4)
  3 jellies
  2 hounds
  Crazy Yiuf (D:4)
  Natasha (thrice) (D:4)
  An iguana (D:4)
  An orc wizard (D:3)
  4 worker ants
  Robin (D:4)
  10 adders
  A howler monkey zombie (D:5)
  4 river rats (Sewer)
  An ooze (D:2)
  9 worms
  A dart slug (D:1)
  6 leopard geckos
  9 orcs
  2 giant cockroaches (D:1)
  22 goblins
  14 hobgoblins
  3 jackals (D:5)
  6 kobolds
  5 quokkas
  10 ball pythons
  11 bats
  8 frilled lizards
  26 rats
180 creatures vanquished.

Notes
Turn   | Place    | Note
-------+----------+-------------------------------------------
     0 | D:1      | kae the Minotaur Fighter began the quest for the Orb.
     0 | D:1      | Reached XP level 1. HP: 19/19 MP: 0/0
   153 | D:1      | Reached XP level 2. HP: 25/27 MP: 1/1
   176 | D:1      | Reached skill level 3 in Long Blades
   374 | D:1      | Reached skill level 1 in Dodging
   439 | D:2      | Reached XP level 3. HP: 30/33 MP: 2/2
   627 | D:2      | Found an ornate altar of the Wu Jian Council.
   790 | D:2      | Reached XP level 4. HP: 38/40 MP: 3/3
   920 | D:3      | Reached skill level 4 in Long Blades
   976 | D:3      | Found a bloodstained altar of Trog.
  1071 | D:3      | Found a glowing drain.
  1086 | Sewer    | Entered a sewer
  1271 | Sewer    | Reached XP level 5. HP: 8/47 MP: 4/4
  2146 | Sewer    | Reached skill level 5 in Long Blades
  2146 | Sewer    | Reached XP level 6. HP: 11/55 MP: 5/5
  2147 | Sewer    | Reached skill level 5 in Fighting
  2147 | Sewer    | Reached skill level 5 in Armour
  2588 | D:3      | Found a deep blue altar of Sif Muna.
  2987 | D:4      | Noticed Dowan
  2987 | D:4      | Noticed Natasha
  2988 | D:4      | Noticed Duvessa
  3003 | D:4      | Killed Duvessa
  3003 | D:4      | Reached skill level 6 in Long Blades
  3003 | D:4      | Reached XP level 7. HP: 61/61 MP: 6/6
  3004 | D:4      | Killed Natasha
  3015 | D:4      | Killed Dowan
  3276 | D:4      | Noticed Robin
  3306 | D:4      | Killed Robin
  3351 | D:4      | Noticed Grinder
  3353 | D:4      | Paralysed by Grinder for 5 turns
  3353 | D:4      | Noticed Pikel
  3384 | D:4      | Killed Pikel
  3384 | D:4      | Reached skill level 7 in Long Blades
  3384 | D:4      | Reached XP level 8. HP: 32/71 MP: 7/7
  3394 | D:4      | Killed Grinder
  3394 | D:4      | Reached skill level 8 in Long Blades
  3685 | D:4      | Found a runed door.
  3706 | D:4      | Found Wudghu's Food Emporium.
  3764 | D:4      | Noticed Natasha
  3770 | D:4      | Killed Natasha
  3854 | D:4      | Noticed Natasha
  3869 | D:4      | Killed Natasha
  3944 | D:4      | Found a sparkling altar of Nemelex Xobeh.
  4142 | D:4      | Noticed Crazy Yiuf
  4146 | D:4      | Killed Crazy Yiuf
  4180 | D:5      | Entered Level 5 of the Dungeon
  4446 | D:5      | Reached skill level 5 in Dodging
  4522 | D:5      | Found a blossoming altar of Fedhas.
  4569 | D:5      | Reached skill level 9 in Long Blades
  4689 | D:5      | Found a shimmering altar of Xom.
  4847 | D:5      | Noticed Blork the orc
  4853 | D:5      | Killed Blork the orc
  5026 | D:6      | Noticed Eustachio
  5050 | D:6      | Reached XP level 9. HP: 79/79 MP: 8/8
  5114 | D:6      | Killed Eustachio
  5129 | D:6      | HP: 1/79 [orc warrior/mace (13)]
  5130 | D:6      | Mangled by an orc warrior

Vault maps used:
D:1:      dpeg_arrival_rhombi
D:2:      cheibrodos_greedy_goblins, overflow_temple_1_default
D:3:      overflow_temple_1_default, cheibrodos_sewer_entry_sluice,
          skrybe_limestone_x, trog_three_pillars_becter
D:4:      lemuel_doored_altar, serial_shops, shop, grunt_ministairs_11,
          uniq_grinder, uniq_robin, uniq_pikel, uniq_crazy_yiuf_cottage,
          uniq_duvessa, uniq_natasha
D:5:      basic_altar, first_ration, fedhas_altar_1, uniq_blork_the_orc
D:6:      zin_scriptorium, uniq_eustachio
Sewer:    sewer_minmay_w

Skill      XL: |  1  2  3  4  5  6  7  8 |
---------------+-------------------------+-----
Long Blades    | 3 4 5 6 7 9 |  9.5
Dodging        | 1 2 3 4 5 |  5.6
Fighting       | 4 5 6 7 |  7.4
Armour         | 4 5 6 7 |  7.4
Shields        | |  3.6

Action                   |  1- 3 |  4- 6 |  7- 9 || total
-------------------------+-------+-------+-------++-------
Melee: Long sword        |   112 |   208 |   234 ||   554
       Headbutt          |    18 |    23 |    39 ||    80
  Use: Potion            |       |     8 |     3 ||    11
       Scroll            |       |       |    17 ||    17
  Eat: Chunk             |       |     7 |     7 ||    14
Armor: Scale mail        |    44 |    98 |    83 ||   225
       Skin              |       |       |    31 ||    31
Dodge: Dodged            |    38 |   102 |    74 ||   214
Block: Shield            |    63 |   150 |   103 ||   316
       Rpst.: Long sword |    12 |    28 |    24 ||    64

Table legend:
 A = Spawn XP
 B = Non-spawn XP
 C = Spawn XP percentage of total XP
 D = Spawn monster count
 E = Non-spawn monster count
 F = Spawn count percentage of total count
 G = Total turns spent on level
                    A         B        C        D         E        F      G
               +---------+---------+-------+---------+---------+-------+---------
         Total |       0 |    3175 |   0.0 |       0 |     179 |   0.0 |  5130
               +---------+---------+-------+---------+---------+-------+---------
           D:1 |       0 |      31 |   0.0 |       0 |      17 |   0.0 |   432
           D:2 |       0 |      78 |   0.0 |       0 |      32 |   0.0 |   471
           D:3 |       0 |      99 |   0.0 |       0 |      23 |   0.0 |   669
           D:4 |       0 |    1487 |   0.0 |       0 |      30 |   0.0 |  1285
           D:5 |       0 |     734 |   0.0 |       0 |      23 |   0.0 |   832
           D:6 |       0 |     379 |   0.0 |       0 |       6 |   0.0 |   118
         Sewer |       0 |     367 |   0.0 |       0 |      48 |   0.0 |  1323
               +---------+---------+-------+---------+---------+-------+---------
